 Dungeon Crawl Stone Soup version 0.31-b1-12-gca42e3d1b8 (webtiles) character file.

Game seed: 2437945629636146196

6309 groovy9 the Cleaver (level 10, -1/94 HPs)
             Began as a Minotaur Berserker on Jan 14, 2024.
             Was a Believer of Trog.
             Succumbed to a gnoll sergeant's poison
             ... on level 10 of the Dungeon.
             The game lasted 00:24:50 (7661 turns).

groovy9 the Cleaver (Minotaur Berserker)            Turns: 7661, Time: 00:24:50

Health: -1/94      AC: 17    Str: 27    XL:     10   Next: 64%
Magic:  9/9        EV:  8    Int:  4    God:    Trog [**....]
Gold:   445        SH:  0    Dex: 12    Spells: 9/9 levels left

rFire   . . .        D - +3 battleaxe (heavy)
rCold   . . .        (shield currently unavailable)
rNeg    + . .        g - +0 plate armour
rPois   .            (helmet unavailable)
rElec   .            m - +0 cloak
rCorr   +            (no gloves)
SInv    .            x - +0 pair of boots {Fly}
Will    ++...        o - amulet of Siokla {RegenMP Dex+3} Stlth
                     h - ring of resist corrosion
HPRegen 1.35/turn    j - ring of positive energy
MPRegen 0.51/turn

%: no passive effects
@: lethally poisoned (-1 -> -38), strong-willed, on berserk cooldown, flying,
regenerating, slowed, very slow
A: horns 3, retaliatory headbutt
a: Renounce Religion, Berserk, Trog's Hand


You were on level 10 of the Dungeon.
You worshipped Trog.
Trog was pleased with you.
You visited 2 branches of the dungeon, and saw 11 of its levels.
You also visited: Sewer.

You collected 577 gold pieces.
You spent 132 gold pieces at shops.

Inventory:

Hand Weapons
 a - a +1 hand axe of protection
 D - a +3 heavy battleaxe (weapon)
 F - a +4 war axe
Armour
 g - a +0 plate armour (worn)
 m - a +0 cloak (worn)
 x - a +0 pair of boots of flying (worn)
Jewellery
 h - a ring of resist corrosion (left hand)
 j - a ring of positive energy (right hand)
 k - an amulet of guardian spirit
 o - the amulet of Siokla (around neck) {RegenMP Dex+3}
   (You found it on level 8 of the Dungeon)

   [amulet of magic regeneration]

   RegenMP:   It increases your rate of magic regeneration.
   Dex+3:     It affects your dexterity (+3).
 u - the ring "Fehiv" {^Contam rElec rC+++ Slay-4 SInv}
   (You found it on level 6 of the Dungeon)

   [ring of see invisible]

   Slay-4:    It affects your accuracy & damage with ranged weapons and melee
   (-4).
   rC+++:     It renders you almost immune to cold.
   rElec:     It insulates you from electricity.
   SInv:      It lets you see invisible.
   ^Contam:   It causes magical contamination when unequipped.
 A - a +5 ring of evasion
Talismans
 y - a beast talisman
Wands
 i - a wand of flame (26)
 t - a wand of paralysis (6)
 w - a wand of polymorph (13)
 B - a wand of digging (6)
Scrolls
 c - a scroll of silence
 C - a scroll of vulnerability
 E - a scroll of teleportation
 G - 2 scrolls of revelation
 I - a scroll of fear
Potions
 b - 7 potions of enlightenment
 e - a potion of haste
 f - 9 potions of curing
 n - a potion of mutation
 p - 2 potions of attraction
 r - a potion of might
 s - 3 potions of heal wounds


   Skills:
 + Level 10.4 Fighting
 * Level 14.0 Axes
 + Level 10.0 Armour
 - Level 2.1 Dodging


You had 9 spell levels left.
You didn't know any spells.
Your spell library was empty.

Dungeon Overview and Level Annotations

Branches:
Dungeon (10/15)            Temple (1/1) D:4             Orc (0/2) D:10
  Sewer (visited)
   Lair: D:8-11

Altars:
Ashenzari
Cheibriados
Dithmenos
Elyvilon
Fedhas
Gozag
Hepliaklqana
Kikubaaqudgha
Makhleb
Nemelex Xobeh
Okawaru
Qazlal
Ru
Sif Muna
Trog
Uskayaw
Wu Jian
Xom
Zin
The Shining One

Shops:
D:5 !   D:8 (


Innate Abilities, Weirdness & Mutations

You have a pair of large horns on your head.
You reflexively headbutt those who attack you in melee.


Message History

You feel extremely sick. The gnoll hits you but does no damage.
The gnoll sergeant hits you but does no damage.
You are more poisoned.
You see here a +1 spear of venom.
You closely miss the gnoll. You headbutt the gnoll.
The gnoll is moderately wounded.
You barely miss the gnoll sergeant.
You feel extremely sick. The gnoll barely misses you.
The gnoll sergeant barely misses you.
You barely miss the gnoll. You headbutt the gnoll!
You kill the gnoll!
Trog accepts your kill.
You hit the gnoll sergeant.
You feel extremely sick.
The gnoll sergeant hits you with a +5 spear of venom.
You feel very sick.
You see here a +0 flail.
The gnoll sergeant blocks your attack.
The gnoll sergeant is heavily wounded.
You are no longer berserk.
You are exhausted.
You feel yourself slow down.
You feel very sick.
The gnoll sergeant hits you but does no damage.
You are more poisoned.
You hit the gnoll sergeant.
The gnoll sergeant is severely wounded.
You feel extremely sick.
The gnoll sergeant hits you but does no damage.
You are more poisoned.
The gnoll sergeant hits you with a +5 spear of venom.
* * * LOW HITPOINT WARNING * * *
You are lethally poisoned!
The gnoll sergeant hits you with a +5 spear of venom.
* * * LOW HITPOINT WARNING * * *
You are more poisoned.
The gnoll sergeant blocks your attack. x2
The gnoll sergeant is severely wounded.
You die...

## #. ##########.
#.....##...
##.....[.)..
######........#..
#...##...###..#..
###$).#.....#...#..
##.@)#..............
#..)g#.......#......
#...##.......#.##...
##.###.......#.##...
.. ##....### ....
... ##..... ... ...#
.......# ###.
....##.. .. .##. ..


You could see a gnoll sergeant.

Vanquished Creatures
  Erolcha (D:9)
  A two-headed ogre (D:9)
  Pikel (D:9)
  Psyche (D:9)
  A troll (D:9)
  Sigmund (D:6)
  A wyvern (D:9)
  2 shadows
  Menkaure (D:6)
  2 steam dragons
  A water moccasin (D:8)
  2 acid dragons
  An orc warrior (D:8)
  2 sky beasts
  2 black bears
  3 ogres
  2 ice beasts
  3 centaurs
  A lemure (D:9)
  A phantom (D:6)
  2 kobold brigands
  A bullfrog (D:8)
  A scorpion (D:5)
  3 wights (D:7)
  3 killer bees (D:7)
  6 howler monkeys (D:8)
  4 hounds
  A gnoll bouda (D:8)
  2 orc priests
  7 iguanas
  3 sleepcaps
  4 orc wizards
  14 gnolls
  5 adders
  A river rat (Sewer)
  4 white imps
  3 ribbon worms
  3 dart slugs
  23 orcs
  10 bats
  6 endoplasms
  7 giant cockroaches
  7 goblins
  2 hobgoblins (D:1)
  A jackal (Sewer)
  4 quokkas
  5 ball pythons
  2 frilled lizards
  16 kobolds
  8 rats
188 creatures vanquished.

Notes
Turn   | Place    | Note
-------+----------+-------------------------------------------
     0 | D:1      | groovy9 the Minotaur Berserker began the quest for the Orb.
     0 | D:1      | Reached XP level 1. HP: 19/19 MP: 0/0
    60 | D:1      | Reached skill level 4 in Axes
   102 | D:1      | Reached XP level 2. HP: 26/27 MP: 1/1
   888 | D:2      | Reached ** piety under Trog
   916 | D:2      | Reached XP level 3. HP: 33/33 MP: 2/2
  1059 | D:2      | Reached skill level 5 in Axes
  1059 | D:2      | Reached XP level 4. HP: 34/40 MP: 3/3
  1958 | D:3      | Reached XP level 5. HP: 47/47 MP: 4/4
  2277 | D:4      | Reached skill level 6 in Axes
  2290 | D:4      | Reached skill level 5 in Fighting
  2415 | D:4      | Found a staircase to the Ecumenical Temple.
  2455 | Temple   | Entered the Ecumenical Temple
  2507 | D:4      | Reached XP level 6. HP: 46/56 MP: 5/5
  2768 | D:4      | Noticed an ice beast
  2774 | D:4      | Killed an ice beast
  2824 | D:4      | Reached skill level 7 in Axes
  3109 | D:5      | Entered Level 5 of the Dungeon
  3178 | D:5      | Reached XP level 7. HP: 57/62 MP: 6/6
  3213 | D:5      | Reached skill level 5 in Armour
  3376 | D:5      | Found Ufoim's Distillery.
  3380 | D:5      | Bought a potion of curing for 33 gold pieces
  3380 | D:5      | Bought a potion of heal wounds for 55 gold pieces
  3380 | D:5      | Bought a potion of might for 44 gold pieces
  3446 | D:5      | Reached skill level 8 in Axes
  3467 | D:5      | Found a glowing drain.
  3481 | Sewer    | Entered a sewer
  3598 | Sewer    | Found a glowing silver altar of Zin.
  3709 | D:5      | Reached *** piety under Trog
  4226 | D:6      | Identified the ring "Fehiv" {^Contam rElec rC+++ Slay-4
                  | SInv}
  4274 | D:6      | Noticed Sigmund
  4280 | D:6      | Killed Sigmund
  4281 | D:6      | Reached XP level 8. HP: 71/71 MP: 7/7
  4464 | D:6      | Reached skill level 9 in Axes
  4496 | D:6      | Noticed Menkaure
  4510 | D:6      | Killed Menkaure
  4695 | D:6      | Reached skill level 10 in Axes
  5028 | D:7      | Reached XP level 9. HP: 56/81 MP: 8/8
  5230 | D:7      | Reached skill level 11 in Axes
  5767 | D:8      | Identified the amulet of Siokla {RegenMP Dex+3}
  6100 | D:8      | Reached skill level 12 in Axes
  6209 | D:8      | Found Fuumedgh's Antique Weapon Boutique.
  6507 | D:9      | Noticed Pikel
  6516 | D:9      | Killed Pikel
  6681 | D:9      | Noticed a two-headed ogre
  6692 | D:9      | Killed a two-headed ogre
  6693 | D:9      | Reached XP level 10. HP: 91/91 MP: 9/9
  6773 | D:9      | Noticed Erolcha
  6779 | D:9      | Killed Erolcha
  6780 | D:9      | Reached skill level 13 in Axes
  6891 | D:9      | Reached skill level 10 in Fighting
  7029 | D:9      | Noticed Psyche
  7040 | D:9      | Killed Psyche
  7378 | D:9      | Gained mutation: You have a pair of large horns on your
                  | head. [potion of mutation]
  7407 | D:10     | Entered Level 10 of the Dungeon
  7409 | D:10     | Found a staircase to the Orcish Mines.
  7563 | D:10     | Reached skill level 14 in Axes
  7563 | D:10     | Reached skill level 10 in Armour
  7661 | D:10     | Succumbed to a gnoll sergeant's poison

Illustrated notes

Levels and vault maps discovered:
D:1:      minmay_arrival_split_and_join, layout_basic
D:2:      layout_rooms
D:3:      layout_loops_ring, kennysheep_donut
D:4:      layout_loops_cross, minmay_temple_entry_antechambers, abandoned_shop,
          dreamdust_princess_corridor, minivault_24
D:5:      lemuel_ice_spiral_2, layout_basic, serial_shops, shop,
          cheibrodos_sewer_entry_drain
D:6:      layout_rooms, uniq_sigmund, uniq_menkaure
D:7:      layout_cave_pools
D:8:      layout_basic, serial_shops, kennysheep_little_box
D:9:      layout_basic, minmay_misc_feat_nine_boxes, uniq_erolcha, uniq_psyche,
          uniq_pikel
D:10:     cheibrodos_iron_armory, layout_cave_pools,
          nicolae_vehumet_altar_sigil, mainiacjoe_overflow_cross_hatched,
          orc_0_dummy, nicolae_trove_entry_columns, centaur_isle, uniq_harold
Temple:   mainiacjoe_temple_cubbyholes

Skill      XL: |  1  2  3  4  5  6  7  8  9 10 |
---------------+-------------------------------+-----
Axes           | 4 5 6 7 8 10 12 14 | 14.0
Fighting       | 4 5 6 7 9 10 | 10.4
Armour         | 3 4 6 7 9 10 | 10.0
Dodging        | |  2.1

Action                     |  1- 3 |  4- 6 |  7- 9 | 10-12 || total
---------------------------+-------+-------+-------+-------++-------
  Melee: Hand axe          |    87 |   129 |   164 |       ||   380
         Headbutt          |    13 |    21 |    31 |    10 ||    75
         Punch             |     1 |       |       |       ||     1
         Battleaxe         |       |       |    47 |    57 ||   104
 Invoke: Berserk           |       |     2 |    12 |     3 ||    17
         Trog's Hand       |       |     2 |    13 |     3 ||    18
    Use: Scroll            |     1 |     6 |     5 |     4 ||    16
         Potion            |       |       |     1 |     6 ||     7
 Armour: Animal skin       |    13 |       |       |       ||    13
         Plate armour      |    37 |    92 |   180 |    94 ||   403
         Leather armour    |     6 |       |       |       ||     6
  Dodge: Dodged            |    38 |    31 |    59 |    21 ||   149
  Block: Buckler           |       |    10 |    27 |       ||    37
